 Dungeon Crawl Stone Soup version 0.20.1-1-g8b1a95d (webtiles) character file.

10834 Gargoyl the Protected (level 11, -3/95 HPs)
             Began as a Minotaur Abyssal Knight on July 14, 2017.
             Was a High Priest of Lugonu.
             Slain by a four-headed hydra (7 damage)
             ... on level 1 of the Lair of Beasts.
             The game lasted 00:24:05 (11626 turns).

Gargoyl the Protected (Minotaur Abyssal Knight)    Turns: 11626, Time: 00:24:05

Health: -3/95      AC: 20    Str: 19    XL:     11   Next: 41%
Magic:  17/17      EV:  8    Int:  9    God:    Lugonu [*****.]
Gold:   484        SH:  0    Dex: 16    Spells: 10/10 levels left

rFire    . . .     SeeInvis .   M - +0 hand axe (flame)
rCold    . . .     Gourm    .   (no shield)
rNeg     + . .     Faith    .   y - +0 plate armour
rPois    .         Spirit   .   (helmet restricted)
rElec    .         Reflect  .   (no cloak)
rCorr    .         Harm     .   q - +1 pair of gloves
MR       +....     Clarity  +   L - +0 pair of boots
Stlth    ..........             J - amulet of rage
Regen    0.3/turn               t - +5 ring of dexterity
MPRegen  0.2/turn               A - ring of positive energy

@: no status effects
A: retaliatory headbutt, horns 2, blurry vision 1, clarity, high mp 1, magic
resistance 1
a: Depart the Abyss, Bend Space, Banish, Corrupt, Enter the Abyss, Renounce
Religion, Evoke Berserk Rage


You were on level 1 of the Lair of Beasts.
You worshipped Lugonu.
Lugonu was extremely pleased with you.
You were not hungry.

You visited 2 branches of the dungeon, and saw 9 of its levels.
You visited the Abyss 1 time.
You also visited: Ossuary.

You collected 484 gold pieces.

Inventory:

Hand Weapons
 a - a +1 hand axe
 E - a +3 hand axe of freezing
 M - a +0 hand axe of flaming (weapon)
Missiles
 G - 5 tomahawks (quivered)
Armour
 q - a +1 pair of gloves (worn)
 y - a +0 plate armour (worn)
 L - a +0 pair of boots (worn)
Jewellery
 h - a +3 ring of protection
 t - a +5 ring of dexterity (left hand)
 A - a ring of positive energy (right hand)
 J - an amulet of rage (around neck)
Wands
 d - a wand of paralysis (24/24)
 e - a wand of random effects (35/48)
 f - a wand of paralysis (13/24)
 g - a wand of lightning (4/15)
 s - a wand of scattershot (1/9)
 u - a wand of polymorph (8/24)
 v - a wand of disintegration (15/24)
 C - a wand of iceblast (10/15)
 I - a wand of digging (16/24)
 O - a wand of polymorph (10/24)
Scrolls
 j - 5 scrolls of remove curse
 n - 5 scrolls of identify
 D - 8 scrolls of teleportation
 K - 2 scrolls of fog
Potions
 i - a potion of magic
 k - 3 potions of haste {unknown}
 m - 4 potions of curing
 o - a potion of flight {unknown}
 p - 3 potions of heal wounds
 r - 2 potions of lignification {unknown}
 w - 3 potions of agility
 z - a potion of brilliance {unknown}
 B - 2 potions of resistance {unknown}
 F - 2 potions of invisibility {unknown}
Books
 H - a book of Necromancy

   Spells                             Type                      Level
   a - Pain                           Necromancy                   1
   b - Animate Skeleton               Necromancy                   1
   c - Vampiric Draining              Necromancy                   3
   d - Regeneration                   Charms/Necromancy            3
   e - Animate Dead                   Necromancy                   4
   f - Control Undead                 Necromancy                   4
Comestibles
 b - 6 royal jellies
 c - 5 bread rations
 l - 9 meat rations
 x - 16 fruits


   Skills:
 + Level 8.6 Fighting
 + Level 11.5 Axes
 + Level 0.8 Throwing
 * Level 13.1 Armour
 + Level 3.4 Dodging
 * Level 8.0 Invocations
 + Level 0.1 Evocations


You had 10 spell levels left.
You didn't know any spells.

Dungeon Overview and Level Annotations

Branches:
Dungeon (8/15)             Temple (0/1) D:4            Lair (1/6) D:8

Altars:
Elyvilon
Fedhas
Makhleb
Qazlal
Uskayaw
Vehumet
Yredelemnul
Zin
The Shining One


Innate Abilities, Weirdness & Mutations

You reflexively headbutt those who attack you in melee.
You have a pair of horns on your head.
Scrolls take you a little longer to read.
You possess an exceptional clarity of mind.
You have an increased reservoir of magic. (+10% MP)
You are resistant to hostile enchantments. (MR+)


Message History

You burn the four-headed hydra.
The four-headed hydra is heavily wounded.
Your plate armour prevents you from hitting the spiny frog.
The spiny frog misses you.
The four-headed hydra bites you but does no damage.
The four-headed hydra bites you.
* * * LOW HITPOINT WARNING * * *
The four-headed hydra bites you!
* * * LOW HITPOINT WARNING * * *
The four-headed hydra barely misses you.
You completely miss the four-headed hydra.
The four-headed hydra is heavily wounded.
You hit the spiny frog but do no damage.
Unknown command.
You completely miss the four-headed hydra.
The four-headed hydra is heavily wounded.
You closely miss the spiny frog. The spiny frog stings you!
* * * LOW HITPOINT WARNING * * *
The four-headed hydra bites you!
You die...

......#+#.P###................#
......#......#....#####.##.#.P#
......#...........## ######.##
......#......#.....# .. ..
......#......#....## ... .##
.............#.....#....
......#......#..........
......#......#..FD.P....
......###.####..@.###.##
.........)........# ##
....................
PP###.######.###..##.# ### ###
### #### #


You could see a four-headed hydra and a spiny frog.

Vanquished Creatures
  A hydra (D:8)
  Erica (D:8)
  A two-headed ogre (D:8)
  A black mamba (Lair:1)
  5 spiny frogs (Lair:1)
  A komodo dragon (Lair:1)
  2 dream sheep (D:8)
  11 yaks
  Edmund (D:6)
  2 water moccasins (Lair:1)
  An ice beast (D:7)
  3 porcupines (Lair:1)
  3 orc warriors
  A sky beast (D:6)
  A phantom (D:7)
  The ghost of lotsofdiagrams the Stinger, an amateur NaVM of Fedhas (D:3)
  6 ogres
  6 wolves (Lair:1)
  A centaur (D:7)
  A crocodile (Lair:1)
  3 big kobolds (D:8)
  3 elf zombies (Ossuary)
  2 bullfrogs
  A water moccasin zombie (D:6)
  A scorpion (D:6)
  3 wights (D:8)
  A howler monkey (D:4)
  5 crimson imps
  2 centaur zombies (D:8)
  2 quasits
  4 hounds
  2 jellies (D:6)
  2 orc priests (D:4)
  A centaur skeleton (D:6)
  4 iguanas
  14 orc wizards
  Ijyb (D:4)
  4 worker ants
  A big kobold zombie (Ossuary)
  2 hound zombies
  2 mummies (Ossuary)
  A worker ant zombie (D:5)
  A howler monkey skeleton (D:3)
  3 gnolls (D:8)
  12 adders
  A shadow imp (D:5)
  An ooze (D:1)
  An adder skeleton (D:3)
  3 worms
  A dart slug (D:2)
  6 leopard geckos
  33 orcs
  5 ball pythons
  7 giant cockroaches
  13 goblins
  8 hobgoblins
  7 jackals
  4 quokkas
  12 bats
  9 frilled lizards
  2 goblin zombies (Ossuary)
  13 hobgoblin zombies (Ossuary)
  A jackal skeleton (D:6)
  3 jackal zombies
  7 kobolds
  7 kobold zombies (Ossuary)
  6 orc zombies (Ossuary)
  5 rats
  A rat zombie (Ossuary)
  A fungus (Lair:1)
284 creatures vanquished.

Vanquished Creatures (others)
  The ghost of Begomoth the Conjurer, an amateur DECj (D:4)
  2 wargs
  A fungus (Lair:1)
4 creatures vanquished.

Grand Total: 288 creatures vanquished

Notes
Turn   | Place    | Note
-------+----------+-------------------------------------------
     0 | Abyss:1  | Gargoyl the Minotaur Abyssal Knight began the quest for the Orb.
     0 | Abyss:1  | Reached XP level 1. HP: 19/19 MP: 1/1
    93 | Abyss:2  | Noticed a large abomination
    93 | Abyss:2  | Noticed an orange demon
   103 | D:1      | Escaped the Abyss
   207 | D:1      | Reached XP level 2. HP: 26/27 MP: 2/2
   245 | D:1      | Reached * piety under Lugonu
   506 | D:1      | Reached skill level 3 in Armour
   663 | D:1      | Reached XP level 3. HP: 33/33 MP: 3/3
  1537 | D:2      | Reached XP level 4. HP: 41/41 MP: 4/4
  1759 | D:3      | Noticed lotsofdiagrams's ghost (amateur NaVM)
  1776 | D:3      | Killed lotsofdiagrams's ghost
  1776 | D:3      | Reached ** piety under Lugonu
  1776 | D:3      | Reached skill level 4 in Armour
  1776 | D:3      | Reached XP level 5. HP: 28/47 MP: 4/6
  1989 | D:3      | Found a blossoming altar of Fedhas.
  2363 | D:3      | Reached skill level 5 in Armour
  2767 | D:4      | Reached XP level 6. HP: 53/53 MP: 7/7
  2912 | D:4      | Noticed Ijyb
  2927 | D:4      | Killed Ijyb
  2927 | D:4      | Reached *** piety under Lugonu
  3231 | D:4      | Found a staircase to the Ecumenical Temple.
  3325 | D:4      | Reached XP level 7. HP: 43/60 MP: 7/9
  3452 | D:4      | Found a basalt altar of Yredelemnul.
  3579 | D:4      | Noticed Begomoth's ghost (amateur DECj)
  3591 | D:4      | Banished Begomoth's ghost
  3591 | D:4      | Reached skill level 5 in Fighting
  3591 | D:4      | Reached skill level 6 in Armour
  3636 | D:4      | Found a glowing silver altar of Zin.
  3636 | D:4      | Found a glowing golden altar of the Shining One.
  3636 | D:4      | Found a white marble altar of Elyvilon.
  4066 | D:5      | Entered Level 5 of the Dungeon
  4081 | D:5      | Reached skill level 5 in Axes
  4163 | D:5      | Found a stormy altar of Qazlal.
  4188 | D:5      | Found a sand-covered staircase.
  4193 | Ossuary  | Entered an ossuary
  4279 | Ossuary  | Reached **** piety under Lugonu
  4870 | D:5      | Reached XP level 8. HP: 68/68 MP: 10/10
  5253 | D:6      | Reached skill level 7 in Armour
  5599 | D:6      | Gained mutation: Scrolls take you a little longer to read. [mutagenic meat]
  5600 | D:6      | Gained mutation: You have an increased reservoir of magic. (+10% MP) [mutagenic meat]
  5601 | D:6      | Gained mutation: You are resistant to hostile enchantments. (MR+) [mutagenic meat]
  5603 | D:6      | Gained mutation: You possess an exceptional clarity of mind. [mutagenic meat]
  5772 | D:6      | Reached skill level 5 in Invocations
  6029 | D:6      | Noticed Edmund
  6067 | D:6      | Killed Edmund
  6725 | D:7      | Reached skill level 8 in Armour
  6792 | D:7      | Found a hide-covered altar of Uskayaw.
  6792 | D:7      | Noticed a hand axe
  6793 | D:7      | Noticed a dagger
  6835 | D:7      | Reached XP level 9. HP: 63/75 MP: 13/13
  6839 | D:7      | Reached ***** piety under Lugonu
  7943 | D:8      | Reached skill level 9 in Armour
  8269 | D:8      | Noticed Erica
  8282 | D:8      | Killed Erica
  8282 | D:8      | Reached skill level 10 in Armour
  8667 | D:8      | Noticed a two-headed ogre
  8677 | D:8      | Killed a two-headed ogre
  8677 | D:8      | Reached skill level 10 in Axes
  8677 | D:8      | Reached XP level 10. HP: 28/86 MP: 15/15
  8931 | D:8      | Found a staircase to the Lair.
  8945 | Lair:1   | Entered Level 1 of the Lair of Beasts
  9301 | D:8      | Found a radiant altar of Vehumet.
  9302 | D:8      | Found a burning altar of Makhleb.
  9414 | D:8      | Reached skill level 11 in Armour
  9678 | D:8      | Noticed a three-headed hydra
  9690 | D:8      | Killed a one-headed hydra
  9995 | D:8      | Reached skill level 12 in Armour
 10085 | Lair:1   | Noticed a spiny frog
 10086 | Lair:1   | Noticed a spiny frog
 10102 | Lair:1   | Killed a spiny frog
 10107 | Lair:1   | Killed a spiny frog
 10149 | Lair:1   | Noticed a spiny frog
 10163 | Lair:1   | Killed a spiny frog
 10163 | Lair:1   | Reached XP level 11. HP: 57/94 MP: 17/17
 11177 | Lair:1   | Reached skill level 13 in Armour
 11612 | Lair:1   | Noticed an eight-headed hydra
 11626 | Lair:1   | HP: 4/95 [spiny frog (8)]
 11626 | Lair:1   | Slain by a four-headed hydra

Skill      XL: |  1  2  3  4  5  6  7  8  9 10 11 |
---------------+----------------------------------+-----
Invocations    | 2 3 4 5 6 7 8 |  8.0
Fighting       | 4 5 6 7 8 |  8.6
Armour         | 3 4 5 6 8 10 12 13 | 13.1
Axes           | 3 4 6 8 10 11 | 11.5
Dodging        | 2 3 |  3.4
Throwing       | |  0.8
Evocations     | |  0.1

Action                   |  1- 3 |  4- 6 |  7- 9 | 10-12 || total
-------------------------+-------+-------+-------+-------++-------
Melee: Hand axe          |    93 |   222 |   449 |   285 ||  1049
       Headbutt          |     9 |    29 |    99 |    65 ||   202
       Unarmed           |       |     2 |       |       ||     2
Throw: Tomahawk          |       |       |     1 |     6 ||     7
Invok: Depart the Abyss  |     1 |       |       |       ||     1
       Banish            |       |       |     3 |     1 ||     4
Evoke: Wand              |     1 |       |     1 |       ||     2
  Use: Potion            |     2 |       |     3 |       ||     5
       Scroll            |     5 |     1 |     9 |     2 ||    17
 Stab: Confused          |       |     1 |       |       ||     1
  Eat: Chunk             |     2 |     6 |    19 |     5 ||    32
       Bread ration      |       |       |     1 |       ||     1
       Meat ration       |       |       |       |     1 ||     1
Armor: Chain mail        |    94 |   163 |   275 |    92 ||   624
       Plate armour      |       |       |       |    89 ||    89
Dodge: Dodged            |    45 |    71 |   173 |   133 ||   422
